 Dungeon Crawl Stone Soup version 0.30.1-3-gfc49f6343a (webtiles) character file.

Game seed: 11809702081788721257

212498 Pooter the Severer (level 18, -4/171 HPs)
             Began as a Minotaur Berserker on Aug 8, 2023.
             Was a High Priest of Trog.
             Slain by a merfolk impaler
             ... wielding a +5 demon trident of electrocution
              (16 damage)
             ... on level 4 of the Shoals on Aug 9, 2023.
             The game lasted 03:43:47 (57098 turns).

Pooter the Severer (Minotaur Berserker)            Turns: 57098, Time: 03:43:48

Health: -4/171     AC: 28    Str: 28    XL:     18   Next: 24%
Magic:  17/17      EV: 11    Int:  7    God:    Trog [*****.]
Gold:   1211       SH:  5    Dex: 16    Spells: 17/17 levels left

rFire   . . .        a - +1 battleaxe (heavy)
rCold   + . .        (shield currently unavailable)
rNeg    . . .        R - +4 plate armour
rPois   .            T - +0 hat {Int+3}
rElec   .            L - +1 cloak of Distant Worlds {Harm rC+ Str-4 Dex+3}
rCorr   .            J - +2 pair of gloves of Vlad {Str+5}
SInv    .            U - +2 pair of boots {Stlth+}
Will    +++..        j - amulet of reflection
Stlth   +            Q - +4 ring of slaying
HPRegen 1.48/turn    A - ring of flight
MPRegen 0.15/turn

%: harm (+30% outgoing, +20% incoming), reflection
@: mighty, strong-willed (expiring), on berserk cooldown, flying, regenerating
(expiring), slowed, studying Polearms, very slow
A: horns 2, retaliatory headbutt
}: 1/15 runes: serpentine
a: Renounce Religion, Berserk, Trog's Hand, Brothers in Arms


You were on level 4 of the Shoals.
You worshipped Trog.
Trog was extremely pleased with you.
You visited 5 branches of the dungeon, and saw 30 of its levels.
You also visited: Bailey, Gauntlet, Ice Cave and Volcano.

You collected 3610 gold pieces.
You spent 2399 gold pieces at shops.

Inventory:

Hand Weapons
 a - a +1 heavy battleaxe (weapon)
   (You acquired it on level 2 of the Lair of Beasts)
 b - a +3 heavy arbalest
   (You took it off an orc knight on level 2 of the Orcish Mines)
 w - the +9 battleaxe of the Puckish God {freeze, Str+4 Int+4}
   (You acquired it on level 3 of the Shoals)

   Str:       It affects your strength (+4).
   Int:       It affects your intelligence (+4).
 I - a +2 demon trident of electrocution
   (You took it off Urug on level 13 of the Dungeon)
Missiles
 l - 4 datura-tipped darts
 E - 25 boomerangs (quivered)
 O - 22 curare-tipped darts
 W - 25 javelins
Armour
 s - a +0 pair of boots of rampaging
   (You found it in a Gauntlet)
 J - the +2 pair of gloves of Vlad (worn) {Str+5}
   (You bought it in a shop on level 4 of the Snake Pit)

   Str:       It affects your strength (+5).
 L - the +1 cloak of Distant Worlds (worn) {Harm rC+ Str-4 Dex+3}
   (You found it on level 3 of the Lair of Beasts)

   Str:       It affects your strength (-4).
   Dex:       It affects your dexterity (+3).
   rC:        It protects you from cold.
   Harm:      It increases damage dealt and taken.
 R - a +4 plate armour (worn)
   (You found it on level 1 of the Shoals)
 S - a +0 cloak of poison resistance
   (You took it off Maurice on level 8 of the Dungeon)
 T - a +0 hat of intelligence (worn)
   (You took it off Gastronok on level 8 of the Dungeon)
 U - a +2 pair of boots of stealth (worn)
   (You found it on level 9 of the Dungeon)
Jewellery
 j - an amulet of reflection (around neck)
   (You bought it in a shop on level 2 of the Orcish Mines)
 r - a ring of willpower
   (You found it on level 3 of the Lair of Beasts)
 x - a +4 ring of slaying
   (You found it on level 4 of the Dungeon)
 z - a ring of see invisible
   (You bought it in a shop on level 2 of the Orcish Mines)
 A - a ring of flight (right hand)
   (You found it in a Gauntlet)
 F - the ring "Zoigul" {rElec rF++ rN+ Dex+2}
   (You bought it in a shop on level 2 of the Orcish Mines)

   [ring of positive energy]

   Dex:       It affects your dexterity (+2).
   rF:        It greatly protects you from fire.
   rElec:     It insulates you from electricity.
   rN:        It protects you from negative energy.
 G - an amulet of guardian spirit
   (You found it on level 2 of the Shoals)
 P - a ring of poison resistance
   (You found it on level 2 of the Dungeon)
 Q - a +4 ring of slaying (left hand)
   (You found it on level 3 of the Lair of Beasts)
Wands
 d - a wand of iceblast (26)
   (You found it on level 8 of the Dungeon)
 f - a wand of flame (47)
   (You took it off Sigmund on level 5 of the Dungeon)
 g - a wand of quicksilver (11)
   (You found it on level 1 of the Lair of Beasts)
 u - a wand of paralysis (20)
   (You found it on level 8 of the Dungeon)
 B - a wand of polymorph (9)
   (You took it off Psyche on level 8 of the Dungeon)
 D - a wand of digging (14)
   (You found it on level 5 of the Dungeon)
 Y - a wand of mindburst (7)
   (You found it on level 10 of the Dungeon)
Scrolls
 e - 2 scrolls of immolation {!r}
 m - 5 scrolls of silence
 o - 10 scrolls of fear
 p - 2 scrolls of fog
 t - 7 scrolls of teleportation {@r4}
 M - 6 scrolls of magic mapping
 X - a scroll of poison {!r}
 Z - a scroll of summoning
Potions
 c - 7 potions of flight
 h - 2 potions of attraction {!q}
 i - a potion of resistance
 k - 4 potions of invisibility
 q - 2 potions of lignification {!q}
 v - 6 potions of curing {@q1}
 y - 8 potions of mutation {!q}
 C - 4 potions of might
 H - 6 potions of cancellation
 N - a potion of haste {@q3}
 V - 13 potions of heal wounds {@q2}
Miscellaneous
 n - a box of beasts
   (You found it on level 5 of the Lair of Beasts)
 K - a phantom mirror
   (You found it in a bailey)


   Skills:
 + Level 17.7 Fighting
 + Level 20.6(20.8) Axes
 - Level 4.5(14.3) Maces & Flails
 + Level 18.1 Ranged Weapons
 + Level 5.2 Throwing
 + Level 11.8 Armour
 + Level 6.3 Dodging
 + Level 10.4 Stealth
 + Level 8.9 Evocations


You had 17 spell levels left.
You didn't know any spells.
Your spell library was empty.

Dungeon Overview and Level Annotations

Branches:
Dungeon (15/15) Zot: 24385 Temple (0/1) D:7 Lair (5/5) D:8 Zot: 22841 Shoals (4/4) Lair:3 Zot: 19125 Snake (4/4) Lair:2 Zot: 10825 Slime (0/5) Lair:5 Orc (2/2) D:10 Zot: 4399 Elf (0/3) Orc:2 Vaults (0/5) D:12 D:13 Depths (0/4) D:15 Bailey (visited) IceCv (visited) Volcano (visited) Gauntlet (visited)

Altars:
Dithmenos
Elyvilon
Nemelex Xobeh
Okawaru
Uskayaw
Vehumet
Xom
Yredelemnul
Zin

Shops:
Orc:2 ?:[==   Snake:4 ?([


Innate Abilities, Weirdness & Mutations

You have a pair of horns on your head.
You reflexively headbutt those who attack you in melee.


Message History

The harpy claws you but does no damage. The harpy attacks as you move away!
The harpy barely misses you. You furiously retaliate!
You headbutt the harpy!! The harpy barely misses you.
The harpy claws you but does no damage. You block the harpy's attack.
The harpy claws you!
* * * LOW HITPOINT WARNING * * *
The harpy misses you. The harpy claws you.
* * * LOW HITPOINT WARNING * * *
The harpy claws you.
* * * LOW HITPOINT WARNING * * *
The harpy barely misses you. The harpy claws you but does no damage.
You feel very mighty all of a sudden. The harpy claws you but does no damage.
The harpy barely misses you. The harpy claws you.
* * * LOW HITPOINT WARNING * * *
The harpy barely misses you. x2; The harpy claws you.
* * * LOW HITPOINT WARNING * * *
The merfolk avatar chants a haunting song.
You resist with some effort.
The merfolk javelineer throws a silver javelin.
The silver javelin pierces through you but does no damage.
* * * LOW HITPOINT WARNING * * *
The harpy closely misses you. You furiously retaliate!
You headbutt the harpy! The harpy closely misses you.
The merfolk javelineer throws a silver javelin.
The silver javelin barely misses you.
You barely miss the harpy. You hit the harpy. You slash the harpy!
You feel the effects of Trog's Hand fading.
The harpy claws you but does no damage. x5; The harpy barely misses you.
The harpy claws you but does no damage. You block the harpy's attack.
The harpy claws you but does no damage. x2
The merfolk avatar chants a haunting song.
You resist with almost no effort. The harpy claws you.
* * * LOW HITPOINT WARNING * * *
The harpy claws you but does no damage.
The merfolk impaler hits you from afar with a +5 demon trident of electrocution.
* * * LOW HITPOINT WARNING * * *
A merfolk comes into view. It is wielding a +0 trident.
The merfolk shouts!
You hear a shout! x2
You block the harpy's attack. The harpy claws you but does no damage.
You block the harpy's attack. The harpy closely misses you.
The harpy claws you but does no damage. x2
The merfolk aquamancer mumbles some strange words.
The merfolk aquamancer blinks!
The merfolk avatar chants a haunting song.
You resist with almost no effort. The harpy barely misses you.
The harpy closely misses you. The harpy claws you!
* * * LOW HITPOINT WARNING * * *
The harpy completely misses you.
The merfolk impaler hits you from afar with a +5 demon trident of electrocution!
You die...

,,,~**~~,,**,* **,,~<~~~,,,,,,,,,
*****~~,,*******,,......,,,,,,,,,
~~~~~~~,,* ##.,,.~~~..,,,,,,,,,
~~~******* ###..,,.~~.m.***,,,,,,
.~**~~~~~**#...###.~....**,,,,,,,
.#*~*....~##............,,,,,,**~
.#~*,.≈≈..~#...........~,,,~~**,~
.#~..~≈≈#..#...H...#,,~~,,~~~,,~~
.#~.≈≈##≈..#..m.@..#..~~~~~~~~~~~
.#~.≈≈#≈m..#..mHH.......~~~~~~~~~
.#~..#≈.m#.#.m.........~~~~~~~~~~
.##~...m#.#..m........~~~~~~~~~~~
..##~..H.#....m..~~~~~~~~~~~~~~~~
...######).§....~~~~~~~~~~~~~~~~~
.~~.....)......~~~~≈≈≈≈≈~~~~~~~~~
~~...~~~†.....~~~≈≈≈≈≈≈≈~~~~~~~~~
..~~~~~~~)...~~~≈≈≈≈≈≈~~~~~~~~~~~


You could see a merfolk avatar, a merfolk impaler, a merfolk javelineer, a
merfolk aquamancer, 2 merfolk and 3 harpies.

Vanquished Creatures
  Vashnia (Snake:4)
  Rupert (Lair:4)
  Gastronok (D:8)
  Kirke (Lair:4)
  2 krakens (Shoals:2)
  5 nagarajas
  Aizul (Snake:4)
  2 vampire knights (D:15)
  A minotaur (Gauntlet)
  The ghost of zimm66 the Brawler, a journeyman TrBe of Trog (Snake:2)
  The ghost of ShellytheWitch the Unseen, a journeyman KoBr of Makhleb (Lair:3)
  The ghost of zzuzz the Fighter, a journeyman DsTm of Wu Jian (Lair:1)
  3 merfolk impalers
  Harold (D:11)
  2 catoblepae
  4 salamander tyrants (Snake:4)
  7 hydras
  Erica (D:8)
  12 anacondas
  5 centaur warriors
  2 ogre magi
  A merfolk aquamancer (Shoals:4)
  15 two-headed ogres
  3 merfolk avatars
  A death knight (D:9)
  A deep troll shaman (Lair:5)
  4 boulder beetles
  17 naga sharpshooters
  10 naga warriors
  Urug (D:13)
  A hell knight (Volcano)
  A satyr (Shoals:3)
  3 death yaks (Lair:5)
  A tengu warrior (D:11)
  4 orc high priests (Orc:2)
  6 shock serpents
  The ghost of PhantomBowie the Trooper, a novice GrBe of Trog (D:9)
  2 skysharks
  2 skeletal warriors (D:15)
  8 salamander mystics
  6 sea snakes
  A flayed ghost (D:15)
  4 orc knights (Orc:2)
  9 naga ritualists
  3 harpies (Shoals:4)
  A wolf spider (D:12)
  A lindwurm (Lair:5)
  A phantasmal warrior (D:9)
  A necromancer (D:15)
  An iron dragon zombie (D:15)
  2 deep elf pyromancers
  7 fauns
  A fire giant zombie (D:15)
  10 mana vipers
  15 salamanders
  13 manticores
  11 ugly things
  6 cyclopes
  Maurice (D:8)
  5 orc sorcerers
  A worldbinder (Gauntlet)
  8 merfolk sirens
  10 elephants
  An oklob plant (Snake:3)
  A frost giant skeleton (D:15)
  35 black mambas
  A moth of wrath (Lair:3)
  Joseph (D:8)
  2 guardian serpents
  19 naga magi
  2 ice statues (IceCv)
  A molten gargoyle (Lair:3)
  4 water nymphs
  2 gargoyles
  A torpor snail (Lair:4)
  9 cane toads
  Psyche (D:8)
  7 kobold demonologists
  An unseen horror (D:10)
  7 rime drakes
  9 komodo dragons
  4 freezing wraiths
  An efreet (D:14)
  A tengu conjurer (D:11)
  9 trolls
  A queen bee (Gauntlet)
  3 wind drakes
  3 polar bears
  A tyrant leech (D:15)
  2 hornets
  14 merfolk
  10 blink frogs
  Grinder (D:3)
  4 snapping turtles
  30 dream sheep
  19 slime creatures
  A jumping spider (shapeshifter) (D:15)
  A centaur simulacrum (D:15)
  2 spriggans (Lair:4)
  5 wraiths
  Sigmund (D:5)
  A shadow (D:11)
  5 water elementals
  7 vampires
  6 hogs (Lair:4)
  28 yaks
  A wyvern (Lair:1)
  16 humans
  4 basilisks
  Grum (D:8)
  A neqoxec (Gauntlet)
  An ettin skeleton (D:15)
  2 vampire mosquitoes
  A steam dragon (D:9)
  A warg (Orc:2)
  42 nagas
  3 acid dragons
  12 water moccasins
  A sky beast (D:7)
  27 orc warriors
  2 swamp drakes
  An ice beast (D:7)
  11 black bears
  24 wolves
  2 boggarts (Gauntlet)
  9 ogres
  5 centaurs
  2 phantoms
  20 kobold brigands
  A gnoll sergeant (D:7)
  9 bullfrogs
  Blork the orc (D:4)
  2 cane toad simulacra (IceCv)
  2 scorpions
  24 wights
  22 killer bees
  5 howler monkeys
  2 electric eels
  3 hounds
  A sleepcap (D:8)
  A gnoll bouda (D:8)
  17 orc priests
  7 jellies
  5 iguanas
  25 orc wizards
  Natasha (thrice) (D:4)
  A wolf simulacrum (IceCv)
  14 gnolls
  4 adders
  2 shadow imps (D:7)
  A white imp (D:5)
  An ufetubus (D:6)
  2 dart slugs
  80 orcs
  5 ball pythons
  4 bats
  10 endoplasms
  A giant cockroach (D:3)
  10 goblins
  9 hobgoblins
  7 jackals
  27 kobolds
  3 quokkas
  3 frilled lizards
  4 rats
  6 tentacles (Shoals:2)
1032 creatures vanquished.

Vanquished Creatures (collateral kills)
  2 anacondas (Snake:2)
  A naga sharpshooter (Snake:4)
  An orc warrior (Bailey)
  3 kobold brigands (Bailey)
  4 orcs
11 creatures vanquished.

Vanquished Creatures (others)
  A merfolk aquamancer (Shoals:2)
  4 tentacles (Shoals:2)
5 creatures vanquished.

Grand Total: 1048 creatures vanquished

Notes
Turn   | Place    | Note
-------+----------+-------------------------------------------
     0 | D:1      | Pooter the Minotaur Berserker began the quest for the Orb.
     0 | D:1      | Reached XP level 1. HP: 19/19 MP: 0/0
   297 | D:1      | Reached XP level 2. HP: 27/27 MP: 1/1
   424 | D:1      | Reached skill level 4 in Axes
   750 | D:1      | Reached skill level 1 in Ranged Weapons
   974 | D:2      | Reached XP level 3. HP: 33/33 MP: 2/2
   986 | D:2      | Reached XP level 4. HP: 40/40 MP: 3/3
  1222 | D:2      | Reached ** piety under Trog
  1610 | D:2      | Reached skill level 5 in Axes
  2303 | D:3      | Reached XP level 5. HP: 33/47 MP: 4/4
  2501 | D:3      | Noticed Grinder
  3065 | D:3      | Paralysed by Grinder for 2 turns
  3088 | D:3      | Killed Grinder
  3089 | D:3      | Reached skill level 5 in Fighting
  3089 | D:3      | Reached skill level 6 in Axes
  3089 | D:3      | Reached XP level 6. HP: 19/56 MP: 5/5
  3987 | D:4      | Reached XP level 7. HP: 61/61 MP: 6/6
  4093 | D:4      | Noticed Blork the orc
  4100 | D:4      | Killed Blork the orc
  4101 | D:4      | Reached skill level 1 in Maces & Flails
  4166 | D:4      | Noticed Natasha
  4175 | D:4      | Killed Natasha
  4176 | D:4      | Reached skill level 5 in Ranged Weapons
  4215 | D:4      | Reached skill level 7 in Axes
  4215 | D:4      | Reached *** piety under Trog
  4393 | D:4      | Noticed Natasha
  4398 | D:4      | Killed Natasha
  4448 | D:4      | Noticed Natasha
  4456 | D:4      | Killed Natasha
  4681 | D:5      | Entered Level 5 of the Dungeon
  4821 | D:5      | Noticed Sigmund
  4860 | D:5      | Killed Sigmund
  4861 | D:5      | Reached XP level 8. HP: 70/70 MP: 7/7
  5349 | D:5      | Found an iron altar of Okawaru.
  6053 | D:6      | Reached skill level 8 in Axes
  6347 | D:6      | Reached XP level 9. HP: 79/79 MP: 8/8
  6491 | D:6      | Reached skill level 9 in Axes
  6683 | D:7      | Reached skill level 10 in Axes
  6743 | D:7      | Reached **** piety under Trog
  6763 | D:7      | Found a flagged portal.
  6774 | Bailey   | Entered a bailey
  6888 | Bailey   | Reached XP level 10. HP: 90/90 MP: 9/9
  7022 | Bailey   | Found the +4 Cigotuvi's embrace {Corpsefed rMiasma Drain
                  | rN+}
  7023 | Bailey   | Found a burning altar of Makhleb.
  7153 | D:7      | Found a staircase to the Ecumenical Temple.
  7174 | D:7      | Reached skill level 11 in Axes
  7393 | D:7      | Found a sparkling altar of Nemelex Xobeh.
  7472 | D:7      | Reached skill level 10 in Ranged Weapons
  8095 | D:8      | Noticed Psyche
  8104 | D:8      | Killed Psyche
  8436 | D:8      | Found a shadowy altar of Dithmenos.
  8438 | D:8      | Noticed Erica
  8454 | D:8      | Killed Erica
  8455 | D:8      | Reached skill level 12 in Axes
  8504 | D:8      | Found a basalt altar of Yredelemnul.
  8506 | D:8      | Found a hide-covered altar of Uskayaw.
  8506 | D:8      | Found a glowing silver altar of Zin.
  8557 | D:8      | Noticed Grum
  8559 | D:8      | Noticed Gastronok
  8567 | D:8      | Killed Grum
  8576 | D:8      | Killed Gastronok
  8728 | D:8      | Found a staircase to the Lair.
  8728 | D:8      | Noticed an elephant
  8746 | D:8      | Reached XP level 11. HP: 99/99 MP: 10/10
 10210 | D:8      | Reached skill level 10 in Fighting
 10774 | D:8      | Noticed Joseph
 10783 | D:8      | Killed Joseph
 10784 | D:8      | Reached skill level 13 in Axes
 10876 | D:8      | Noticed Maurice
 10887 | D:8      | Killed Maurice
 11694 | D:9      | Noticed a death knight
 11710 | D:9      | Noticed a phantasmal warrior
 11716 | D:9      | Killed a death knight
 11717 | D:9      | Killed a phantasmal warrior
 12273 | D:9      | Found a runed translucent gate.
 12273 | D:9      | Found a runed translucent gate.
 12273 | D:9      | Found a runed translucent gate.
 12277 | D:9      | Noticed PhantomBowie's ghost (novice GrBe)
 12315 | D:9      | Reached skill level 14 in Axes
 12891 | D:10     | Entered Level 10 of the Dungeon
 13552 | D:10     | Found a staircase to the Orcish Mines.
 13561 | D:10     | Identified the +0 animal skin of Zetodusm {rC+ Will+ Str+3}
 13869 | D:10     | Reached XP level 12. HP: 110/110 MP: 11/11
 14192 | Lair:1   | Entered Level 1 of the Lair of Beasts
 14252 | Lair:1   | Found a runed translucent gate.
 14253 | Lair:1   | Found a runed translucent gate.
 14254 | Lair:1   | Found a runed translucent gate.
 14254 | Lair:1   | Noticed zzuzz's ghost (journeyman DsTm)
 14559 | Lair:1   | Reached skill level 15 in Axes
 15193 | Lair:1   | Killed zzuzz's ghost
 15326 | Lair:2   | Noticed a seven-headed hydra
 15333 | Lair:2   | Killed a five-headed hydra
 15358 | Lair:2   | Found a dark tunnel.
 15406 | Volcano  | Entered a volcano
 15422 | Volcano  | Noticed a two-headed ogre
 15436 | Volcano  | Killed a two-headed ogre
 15477 | Volcano  | Noticed a two-headed ogre
 15485 | Volcano  | Killed a two-headed ogre
 15495 | Volcano  | Reached skill level 16 in Axes
 15592 | Volcano  | Noticed a two-headed ogre
 15598 | Volcano  | Killed a two-headed ogre
 15645 | Volcano  | Noticed a two-headed ogre
 15645 | Volcano  | Noticed an ogre mage
 15645 | Volcano  | Noticed a two-headed ogre
 15651 | Volcano  | Killed a two-headed ogre
 15653 | Volcano  | Killed an ogre mage
 15657 | Volcano  | Killed a two-headed ogre
 15943 | Lair:2   | Reached skill level 1 in Stealth
 15992 | Lair:2   | Identified the staff of conjuration "Vyumenno" {Str-5 Int+5
                  | Dex+3}
 15996 | Lair:2   | Found a staircase to the Snake Pit.
 16007 | Lair:2   | Reached XP level 13. HP: 92/119 MP: 12/12
 16112 | Lair:2   | Reached skill level 15 in Ranged Weapons
 16165 | Lair:2   | Identified a scroll of acquirement
 16166 | Lair:2   | Acquired a +1 heavy battleaxe
 16465 | Lair:3   | Found a transporter.
 16586 | Lair:3   | Found a staircase to the Shoals.
 16646 | Lair:3   | Found a gate leading to a gauntlet.
 16658 | Gauntlet | Entered a Gauntlet
 16658 | Gauntlet | Found a transporter.
 16674 | Gauntlet | Found a transporter.
 16686 | Gauntlet | Noticed an ironbound thunderhulk
 16729 | Gauntlet | Found a transporter.
 16749 | Gauntlet | Found a transporter.
 16786 | Gauntlet | Found a transporter.
 16786 | Gauntlet | Found a transporter.
 16830 | Gauntlet | Found a transporter.
 16843 | Gauntlet | Found a transporter.
 16850 | Gauntlet | Identified the ring "Fumyik" {rC- rCorr EV+5 Str+4 Stlth+}
 16973 | Gauntlet | Identified the staff of fire "Emimu" {rF+ rCorr Int+2
                  | Dex+4}
 16973 | Gauntlet | Noticed a minotaur
 16980 | Gauntlet | Killed a minotaur
 17013 | Gauntlet | Identified the +0 scale mail of Ymesty {-Cast +Blink rCorr
                  | Dex+3}
 17203 | Lair:3   | Found a transporter.
 17206 | Lair:3   | Noticed ShellytheWitch's ghost (journeyman KoBr)
 17219 | Lair:3   | Killed ShellytheWitch's ghost
 17220 | Lair:3   | Reached skill level 17 in Axes
 17262 | Lair:3   | Identified the +1 cloak of Distant Worlds {Harm rC+ Str-4
                  | Dex+3}
 17265 | Lair:3   | Identified the amulet "Wiemnav" {RegenMP Harm rC+}
 17849 | Lair:4   | Noticed Rupert
 17853 | Lair:4   | Killed Rupert
 19965 | Lair:4   | You fall into a shaft and drop 1 floor!
 19965 | Lair:5   | Entered Level 5 of the Lair of Beasts
 19991 | Lair:5   | Found a staircase to the Slime Pits.
 20117 | Lair:5   | Found a frozen archway.
 20120 | Lair:5   | Reached XP level 14. HP: 121/129 MP: 13/13
 20151 | IceCv    | Entered an ice cave
 20261 | IceCv    | Found a transporter.
 20269 | IceCv    | Found a transporter.
 20283 | IceCv    | Reached skill level 18 in Axes
 20285 | IceCv    | Identified the +7 rapier of Death's Door {spect, rElec}
 20736 | Lair:4   | Identified the staff of poison "Kuuxun" {rPois Dex+3}
 20736 | Lair:4   | Noticed Kirke
 20752 | Lair:4   | Killed Kirke
 21495 | Lair:5   | Reached ***** piety under Trog
 21694 | Lair:5   | Reached skill level 5 in Stealth
 22346 | Orc:1    | Entered Level 1 of the Orcish Mines
 22525 | Orc:2    | Entered Level 2 of the Orcish Mines
 23967 | Orc:2    | Found a staircase to the Elven Halls.
 24058 | Orc:2    | Reached skill level 1 in Evocations
 24454 | Orc:2    | Found Sier's Jewellery Emporium.
 25325 | Orc:1    | Reached skill level 19 in Axes
 29717 | Orc:2    | Found Seitoiff's Magic Scroll Boutique.
 29722 | Orc:2    | Found Zac Tuam's Armour Shoppe.
 29726 | Orc:2    | Bought a scroll of teleportation for 45 gold pieces
 29726 | Orc:2    | Bought a scroll of magic mapping for 112 gold pieces
 29729 | Orc:2    | Found Opoow's Jewellery Shoppe.
 29731 | Orc:2    | Found Ogosahet's Book Boutique.
 29737 | Orc:2    | Bought a ring of see invisible for 210 gold pieces
 29737 | Orc:2    | Bought an amulet of reflection for 420 gold pieces
 30184 | D:11     | Noticed Harold
 30296 | D:11     | Killed Harold
 30297 | D:11     | Reached XP level 15. HP: 139/139 MP: 14/14
 31318 | D:11     | Received a gift from Trog
 31873 | Orc:2    | Bought the ring "Zoigul" {rElec rF++ rN+ Dex+2} for 724
                  | gold pieces
 33058 | D:13     | Noticed Urug
 33058 | D:13     | Found a gate to the Vaults.
 33069 | D:12     | Reached skill level 5 in Armour
 33429 | D:13     | Killed Urug
 33503 | D:13     | Identified the +7 falchion "Ami Anyi" {elec, Dex+3}
 35697 | D:14     | HP: 5/208 [cyan ugly thing (18)]
 35702 | D:14     | HP: 3/208 [poisoned by a green ugly thing]
 35705 | D:14     | HP: 1/139 [poisoned by a green ugly thing]
 36034 | D:14     | Found a white marble altar of Elyvilon.
 36554 | D:15     | Entered Level 15 of the Dungeon
 36745 | D:15     | Paralysed by a vampire knight for 4 turns
 36758 | D:15     | Reached skill level 15 in Fighting
 37473 | D:15     | Found a radiant altar of Vehumet.
 37796 | D:15     | Found a staircase to the Depths.
 37799 | D:15     | Reached skill level 5 in Evocations
 37817 | D:15     | Reached XP level 16. HP: 112/149 MP: 15/15
 37995 | D:15     | Found the +8 Vampire's Tooth {megavamp}
 38033 | D:15     | Received a gift from Trog
 38627 | D:9      | Killed PhantomBowie's ghost
 39166 | Snake:1  | Entered Level 1 of the Snake Pit
 40824 | Snake:2  | Received a gift from Trog
 41324 | Snake:2  | Found a transporter.
 41378 | Snake:2  | Noticed zimm66's ghost (journeyman TrBe)
 41451 | Snake:2  | Found a transporter.
 42130 | Snake:2  | Killed zimm66's ghost
 42311 | Snake:3  | Reached skill level 10 in Armour
 42758 | Snake:3  | Found a shimmering altar of Xom.
 43139 | Snake:3  | Reached skill level 1 in Throwing
 43447 | Snake:3  | Found the +4 consecrated labrys {holy, Valiant Fragile Fly
                  | SInv}
 43669 | Snake:3  | Reached XP level 17. HP: 150/160 MP: 16/16
 44341 | Snake:4  | Entered Level 4 of the Snake Pit
 45303 | Snake:4  | Noticed Vashnia
 45706 | Snake:4  | Killed Vashnia
 45707 | Snake:4  | Reached skill level 20 in Axes
 45959 | Snake:4  | HP: 3/160 [naga sharpshooter/bolt[Vashnia] (19)]
 45964 | Snake:4  | HP: 6/160 [poisoned by a naga sharpshooter (splash of
                  | poison)]
 47129 | Snake:4  | Noticed Aizul
 47137 | Snake:4  | Killed Aizul
 47190 | Snake:4  | Found Sitzeodewi's Magic Scroll Shop.
 47190 | Snake:4  | Found Vaafoam's Weapon Shoppe.
 47197 | Snake:4  | Found Qaogouts's Armour Boutique.
 47199 | Snake:4  | Bought a scroll of teleportation for 36 gold pieces
 47199 | Snake:4  | Bought a scroll of teleportation for 36 gold pieces
 47199 | Snake:4  | Bought a scroll of silence for 114 gold pieces
 47199 | Snake:4  | Bought a scroll of magic mapping for 90 gold pieces
 47199 | Snake:4  | Bought a scroll of teleportation for 36 gold pieces
 47210 | Snake:4  | Bought the +2 pair of gloves of Vlad {Str+5} for 576 gold
                  | pieces
 50562 | Snake:4  | Reached skill level 5 in Dodging
 51355 | Snake:4  | Got a serpentine rune of Zot
 51373 | Snake:4  | Reached skill level 10 in Stealth
 52307 | Shoals:1 | Entered Level 1 of the Shoals
 54370 | Shoals:2 | Noticed a kraken
 54374 | Shoals:2 | Killed a kraken
 54429 | Shoals:2 | Noticed a kraken
 54434 | Shoals:2 | Killed a kraken
 54435 | Shoals:2 | Reached XP level 18. HP: 136/170 MP: 17/17
 55762 | Shoals:3 | Reached skill level 5 in Throwing
 56134 | Shoals:3 | Acquired the +9 battleaxe of the Puckish God {freeze, Str+4
                  | Int+4}
 57062 | Shoals:4 | Entered Level 4 of the Shoals
 57082 | Shoals:4 | Received a gift from Trog
 57098 | Shoals:4 | Slain by a merfolk impaler

Illustrated notes

Levels and vault maps discovered:
D:1:      minmay_arrival_four_houses, layout_loops_corners
D:2:      layout_loops_cross, minmay_goblin_outpost
D:3:      minmay_spotlight, layout_basic, uniq_grinder
D:4:      layout_cave_pools, uniq_natasha, uniq_blork_the_orc
D:5:      nicolae_cairo_tiling, layout_loops_ring, lemuel_doored_altar,
          serial_bayou_crossing, uniq_sigmund
D:6:      layout_basic, st_stairs_7, minmay_misc_feat_pillars
D:7:      layout_loops_cross, nemelex_diamond_rough_becter,
          minmay_temple_entry_mini_moons, enter_bailey_2
D:8:      layout_layer_cave, grunt_temple_overflow_open, david_lair_generic,
          uniq_grum, uniq_gastronok, uniq_erica, uniq_maurice, uniq_psyche,
          uniq_joseph
D:9:      layout_roguey, gammafunk_ghost_nasty_kobolds, roderic_lattice_a
D:10:     layout_irregular_city, erik_orc_1
D:11:     cheibrodos_fzero, layout_loops_ring, special_room [special_room_orc],
          serial_bayou_lake_a, uniq_harold
D:12:     layout_roguey
D:13:     layout_roguey, david_vaults_3, minmay_microvault
D:14:     layout_stronghold, chequers_mini_garden, elyvilon_altar_5
D:15:     gammafunk_depths_entry_grave, layout_gridville,
          nicolae_vehumet_radiance, minmay_guarded_unrand_vampires_tooth
Lair:1:   layout_roguey, gammafunk_ghost_split,
          grunt_forest_small_clearing_treed, infiniplex_staircase_pool_2
Lair:2:   layout_chaotic_city, guppyfry_snake_entry_garden, enter_volcano_1,
          nicolae_quartered_pool_medium
Lair:3:   layout_gridlike, elwin_shoals_entry_stream, gauntlet_entry_generic,
          gammafunk_ghost_berserking_beasts
Lair:4:   layout_gridlike, forest_entry_grove, serial_bayou_shore_a,
          grunt_megastairs_3, uniq_rupert, uniq_kirke, uniq_urug
Lair:5:   grunt_lair_end_beastmaster, layout_big_grid,
          nicolae_slime_entry_field_trip, portal_ice_cave_rime
Shoals:1: layout_shoals, abandoned_shop
Shoals:2: layout_shoals
Shoals:3: layout_shoals, nicolae_shoals_dead_sea_scrolls
Shoals:4: shoals_end_hangedman, layout_shoals
Snake:1:  layout_rooms
Snake:2:  layout_basic, gammafunk_ghost_arena
Snake:3:  layout_grid_maze, lemuel_oklob_altar
Snake:4:  snake_pit, layout_chambers, special_room,
          nicolae_snake_serpentine_bazaar, uniq_vashnia, uniq_aizul
Orc:1:    layout_caves
Orc:2:    st_orc_elflike, layout_diamond_mine, serial_shops, shop

Skill      XL: |  1  2  3  4  5  6  7  8  9 10 11 12 13 14 15 16 17 18 |
---------------+-------------------------------------------------------+-----
Axes           | 4 5 6 7 8 10 12 14 16 17 19 20 | 20.6
Ranged Weapons | 1 2 4 6 7 9 11 13 14 16 17 18 | 18.1
Fighting       | 4 5 6 7 8 9 11 12 13 14 15 16 17 | 17.7
Maces & Flails | 3 4 |  4.5
Stealth        | 1 4 6 7 9 10 | 10.4
Evocations     | 2 5 7 8 |  8.9
Armour         | 4 7 10 11 | 11.8
Throwing       | 1 4 5 |  5.2
Dodging        | 5 6 |  6.3

Action                     |  1- 3 |  4- 6 |  7- 9 | 10-12 | 13-15 | 16-18 || total
---------------------------+-------+-------+-------+-------+-------+-------++-------
  Melee: Hand axe          |    46 |   105 |     3 |       |       |       ||   154
         Headbutt          |     5 |    22 |    27 |    94 |    79 |    69 ||   296
         Punch             |     1 |     1 |       |       |     1 |       ||     3
         Morningstar       |       |       |    72 |       |       |       ||    72
         Battleaxe         |       |       |    87 |   388 |   384 |   333 ||  1192
         Scimitar          |       |       |       |     2 |     4 |       ||     6
         Demon trident     |       |       |       |       |     9 |       ||     9
   Fire: Sling             |    23 |    61 |    53 |     5 |       |       ||   142
         Shortbow          |       |       |       |    73 |   258 |       ||   331
         Arbalest          |       |       |       |       |   183 |   602 ||   785
  Throw: Stone             |       |     2 |     5 |       |       |       ||     7
         Dart              |       |       |     1 |       |       |       ||     1
         Boomerang         |       |       |       |    25 |     7 |     9 ||    41
         Javelin           |       |       |       |       |       |     2 ||     2
 Invoke: Berserk           |     1 |     2 |     7 |    15 |    13 |     6 ||    44
         Trog's Hand       |       |     3 |     6 |    17 |    22 |    22 ||    70
         Brothers in Arms  |       |       |       |       |       |     1 ||     1
  Evoke: Wand              |       |       |       |    10 |    10 |     7 ||    27
         Box of beasts     |       |       |       |       |     1 |       ||     1
         Phantom mirror    |       |       |       |       |       |     1 ||     1
    Use: Scroll            |       |     5 |     3 |    18 |    11 |    18 ||    55
         Potion            |       |       |       |     2 |     2 |     6 ||    10
   Stab: Paralysed         |       |       |       |     3 |     1 |     1 ||     5
         Distracted        |       |       |       |       |     1 |     2 ||     3
         Sleeping          |       |       |       |       |     1 |     1 ||     2
 Armour: Chain mail        |    31 |    50 |       |   103 |   272 |   215 ||   671
         Ring mail         |       |    12 |    72 |    90 |       |       ||   174
         Skin              |       |       |       |     1 |       |       ||     1
         Plate armour      |       |       |       |       |       |   100 ||   100
  Dodge: Dodged            |    30 |    66 |    85 |   207 |   182 |   256 ||   826
  Block: Other             |       |       |       |       |    39 |   147 ||   186
         Reflection        |       |       |       |       |       |    33 ||    33
